 Dungeon Crawl Stone Soup version 0.28-a0-79-g444c7a33f5 (webtiles) character file.

Game seed: 8915981148821984503

135 Leeroy the Slasher (level 5, -3/39 HPs)
             Began as a Barachi Warper on Aug 3, 2021.
             Slain by a gnoll (7 damage)
             ... on level 3 of the Dungeon.
             The game lasted 00:05:59 (4787 turns).

Leeroy the Slasher (Barachi Warper)                 Turns: 4787, Time: 00:06:00

Health: -3/39      AC:  5    Str: 13    XL:     5   Next: 18%
Magic:  8/8        EV: 10    Int: 14    God:
Gold:   80         SH:  0    Dex: 11    Spells: 3/8 levels left

rFire   . . .      SeeInvis .   a - +0 falchion
rCold   . . .      Faith    .   (no shield)
rNeg    . . .      Spirit   .   e - +0 ring mail
rPois   .          Reflect  .   (no helmet)
rElec   .          Harm     .   (no cloak)
rCorr   .          Rampage  .   (no gloves)
Will    .....                   (no boots)
Stlth   +.........              (no amulet)
HPRegen 0.13/turn               (no ring)
MPRegen 0.11/turn               (no ring)

@: unable to hop, slow
A: amphibious, slowness 1, strong legs 1, +LOS
a: Hop


You were on level 3 of the Dungeon.
You visited 1 branch of the dungeon, and saw 3 of its levels.

You collected 80 gold pieces.

Inventory:

Hand Weapons
 a - a +0 falchion (weapon)
 g - a +0 great sword
 j - a +1 arbalest of freezing
Missiles
 d - a boomerang of dispersal (quivered)
Armour
 b - a +0 leather armour
 e - a +0 ring mail (worn)
Magical Staves
 m - a staff of death
Scrolls
 c - a scroll of blinking
 f - 4 scrolls of identify {unknown}
 h - 2 scrolls of enchant armour {unknown}
 i - a scroll of torment {unknown}
 o - a scroll of enchant weapon {unknown}
Potions
 k - a potion of attraction {unknown}
 n - a potion of haste {unknown}
 q - a potion of invisibility {unknown}


   Skills:
 - Level 2.4 Fighting
 - Level 6.0 Long Blades
 - Level 1.0 Throwing
 + Level 2.1 Armour
 - Level 2.1 Dodging
 - Level 2.1 Spellcasting
 - Level 3.2 Translocations


You had 3 spell levels left.
You knew the following spells:

 Your Spells              Type           Power      Damage    Failure   Level
a - Blink                 Tloc           N/A        N/A       19%         2
b - Teleport Other        Tloc           10%        N/A       36%         3

Your spell library contained the following spells:

 Spells                   Type           Power      Damage    Failure   Level
 Gell's Gravitas          Tloc           5%         N/A       36%         3
 Lesser Beckoning         Tloc           5%         N/A       36%         3
 Portal Projectile        Hex/Tloc       12%        N/A       58%         3
 Manifold Assault         Tloc           10%        N/A       98%         5
 Animate Dead             Necr           0%         N/A       99%         4
 Blade Hands              Tmut           0%         N/A       100%        5
 Excruciating Wounds      Necr           0%         N/A       100%        5
 Haunt                    Necr/Summ      0%         N/A       100%        7
 Infestation              Necr           0%         N/A       100%        8


Dungeon Overview and Level Annotations

Branches:
Dungeon (3/15)

Altars:
Sif Muna


Innate Abilities, Weirdness & Mutations

You are amphibious.
You cover ground slowly.
You can hop short distances.
You have an extended range of vision and can be seen from far away.


Message History

The gnoll is lightly wounded.
The gnoll hits you with a +0 club.
* * * LOW HITPOINT WARNING * * *
You barely miss the gnoll.
The gnoll is lightly wounded.
The gnoll closely misses you.
You riposte.
You hit the gnoll but do no damage.
The gnoll is lightly wounded.
You barely miss the gnoll.
The gnoll is lightly wounded.
The gnoll hits you but does no damage.
You barely miss the gnoll.
The gnoll is lightly wounded.
The gnoll hits you with a +0 club.
* * * LOW HITPOINT WARNING * * *
You hit the gnoll.
The gnoll is moderately wounded.
The gnoll barely misses you.
You hit the gnoll but do no damage.
The gnoll is moderately wounded.
The gnoll hits you with a +0 club.
* * * LOW HITPOINT WARNING * * *
Hop to where?
Press: ? - help, Dir - move target, p - gnoll Boing!
The gnoll throws a throwing net.
The throwing net hits you.
You become entangled in the net!
You struggle against the net.
You struggle against the net.
You cannot throw anything while held in a net.
Unknown command.
You shred the net and break free!
Things that are here:
a poisoned dart; a silver javelin Throw: 2 boomerangs (disperse)
Press: ? - help, Q - select action, (/) - cycle Shift-Dir - straight line, f - gnoll
Aim: a gnoll, wielding a +0 club and wearing a +0 chain mail (moderately wounded, 68% to hit)
You throw a boomerang of dispersal.
The boomerang of dispersal hits the gnoll but does no damage.
The gnoll is moderately wounded.
The gnoll hits you with a +0 club!
You die...

..# #....# ######...... ###
###### ##..#.# ##.#.# #.... ♣♣
###.. ..♣ ♣♣♣♣♣♣ ♣♣♣♣♣♣ ###
♣..♣♣♣♣♣♣♣....♣♣♣♣♣♣♣(...♣♣♣ #
♣...g.g.†..♣♣...♣♣.)..♣♣♣..♣♣♣♣♣#
♣♣..g♣♣♣♣♣♣♣♣♣♣♣@g.♣♣♣♣ ♣♣♣......
♣...♣ ♣♣♣♣♣ ♣♣..... ....♣♣ ♣♣♣♣♣#
♣♣♣.. # ♣♣♣ # # # # #


You could see a gnoll.

Vanquished Creatures
  2 gnolls (D:3)
  4 adders
  A worm (D:2)
  2 dart slugs (D:1)
  3 orcs (D:2)
  4 endoplasms
  2 giant cockroaches (D:1)
  6 goblins
  7 hobgoblins
  7 jackals
  6 kobolds
  4 quokkas
  7 ball pythons
  5 bats
  4 frilled lizards
  4 rats
68 creatures vanquished.

Notes
Turn   | Place    | Note
-------+----------+-------------------------------------------
     0 | D:1      | Leeroy the Barachi Warper began the quest for the Orb.
     0 | D:1      | Reached XP level 1. HP: 17/17 MP: 3/3
    42 | D:1      | Reached skill level 3 in Long Blades
    46 | D:1      | Reached XP level 2. HP: 2/23 MP: 5/5
   647 | D:1      | Reached skill level 4 in Long Blades
   660 | D:1      | Learned a level 2 spell: Blink
   696 | D:1      | Reached XP level 3. HP: 15/28 MP: 6/6
   912 | D:1      | Found a faded altar of an unknown god.
  1803 | D:2      | Reached skill level 5 in Long Blades
  1845 | D:2      | Reached XP level 4. HP: 34/34 MP: 7/7
  1850 | D:2      | Found a shimmering blue altar of Sif Muna.
  2076 | D:2      | Learned a level 3 spell: Teleport Other
  4357 | D:3      | Reached skill level 6 in Long Blades
  4724 | D:3      | Reached XP level 5. HP: 37/39 MP: 8/8
  4787 | D:3      | Slain by a gnoll

Illustrated notes

Levels and vault maps discovered:
D:1:      wheals_arrival_shading, layout_rooms, basic_ecumenical_altar,
          minmay_misc_feat_tiny, minmay_misc_feat_enclosed, serial_park_tiny_1
D:2:      layout_loops_corners, basic_altar
D:3:      kb_forest_paths, layout_basic

Skill      XL: |  1  2  3  4  5 |
---------------+----------------+-----
Long Blades    | 3 4 5 6 |  6.0
Armour         | 2 |  2.1
Fighting       | |  2.4
Throwing       | |  1.0
Dodging        | |  2.1
Spellcasting   | |  2.1
Translocations | |  3.2

Action                   |  1- 3 |  4- 6 || total
-------------------------+-------+-------++-------
Melee: Falchion          |   138 |   123 ||   261
Throw: Boomerang         |     2 |     2 ||     4
       Javelin           |       |     3 ||     3
       Dart              |       |     2 ||     2
 Cast: Blink             |       |     1 ||     1
 Abil: Hop               |       |     3 ||     3
Armor: Leather armour    |    20 |       ||    20
       Ring mail         |    46 |    44 ||    90
Dodge: Dodged            |    78 |    77 ||   155
       Rpst.: Falchion   |    23 |    24 ||    47

Table legend: (Time is in decaauts)
 A = Elapsed time spent in this place.
 B = Non-inter-level travel time spent in this place.
 C = Inter-level travel time spent in this place.
 D = Time resting spent in this place.
 E = Time spent auto-exploring this place.
 F = Levels seen in this place.
 G = Mean time per level.
                   A        B        C        D        E       F      G
               +--------+--------+--------+--------+--------+-----+--------+
         Total |   5138 |   5071 |     67 |   2114 |   2336 |   3 | 1712.7 |
       Dungeon |   5138 |   5071 |     67 |   2114 |   2336 |   3 | 1712.7 |
               +--------+--------+--------+--------+--------+-----+--------+

Top non-repeatable levels by time:
     D:2: 2465 daAuts
     D:1: 1661 daAuts
     D:3: 1011 daAuts
